 Dungeon Crawl Stone Soup version 0.27-a0-795-ge5c3fa52fd (webtiles) character file.

Game seed: 4390176028105600512

4 EnegeticOcto the Magician (level 1, -2/16 HPs)
             Began as a Djinni Conjurer on Mar 27, 2021.
             Slain by a quokka (3 damage)
             ... on level 1 of the Dungeon.
             The game lasted 00:00:56 (126 turns).

EnegeticOcto the Magician (Djinni Conjurer)          Turns: 126, Time: 00:00:57

Health: -2/16      AC:  2    Str:  6    XL:     1   Next: 70%
Gold:   12         EV: 12    Int: 19    God:
                   SH:  0    Dex: 11

rFire    + + .     SeeInvis .   g - +0 quarterstaff
rCold    x . .     Faith    .   (shield currently unavailable)
rNeg     . . .     Spirit   .   a - +0 robe
rPois    ∞         Reflect  .   (no helmet)
rElec    .         Harm     .   (no cloak)
rCorr    .         Rampage  .   (no gloves)
Will     .....                  (boots unavailable)
Stlth    ++........             (no amulet)
HPRegen  0.05/turn              (no ring)
MPRegen  0.00/turn              (no ring)

@: flying
A: fire resistance 2, cold vulnerability 1, float, innate caster, hp casting,
extra vitality 1
a: no special abilities


You were on level 1 of the Dungeon.
You visited 1 branch of the dungeon, and saw 2 of its levels.

You collected 12 gold pieces.

Inventory:

Hand Weapons
 g - a +0 quarterstaff (weapon)
   (You found it on level 2 of the Dungeon)
Armour
 a - a +0 robe (worn)
Scrolls
 b - a scroll of amnesia {unknown}
 c - a scroll of fear {unknown}
 e - a scroll of enchant weapon {unknown}
Potions
 d - a potion of brilliance {unknown}
 f - a potion of curing {unknown}


   Skills:
 + Level 0.7 Fighting
 - Level 2.1 Dodging
 - Level 1.5 Stealth
 + Level 3.7 Spellcasting


You couldn't memorise any spells.
You knew the following spells:

 Your Spells              Type           Power      Damage    Failure   Level
a - Magic Dart            Conj           68%        1d6       3%          1
b - Searing Ray           Conj           34%        3d4       4%          2
c - Dazzling Flash        Conj/Hex       34%        N/A       10%         3
d - Fulminant Prism       Conj/Hex       8%         3d7       30%         4
e - Iskenderun's Mystic   Conj/Tloc      17%        2d5       30%         4
Your spell library was empty.

Dungeon Overview and Level Annotations

Branches:
Dungeon (2/15)

Altars:


Innate Abilities, Weirdness & Mutations

You are immune to poison.
Your flesh is very heat resistant. (rF++)
You are vulnerable to cold. (rC-)
You float through the air rather than walking.
You learn spells naturally, not from books.
Your magical power is your life essence.
You have superior vitality. (+4 HP)


Message History

Aim: a bat (moderately wounded, 0% to evade)
The magic dart hits the bat.
You kill the bat!
d - a murky brown potion
Found a whip.
Found a scroll labelled BYPLEQ QE KIBO.
e - a scroll labelled BYPLEQ QE KIBO
Found a sapphire potion.
A kobold comes into view. It is wielding a +0 dagger.
A kobold is nearby!
Casting: Magic Dart (safe; 3% risk of failure)
Confirm with . or Enter, or press ? or * to list all spells.
Aiming: Magic Dart (safe; 3% risk of failure)
Press: ? - help, Shift-Dir - straight line, f - kobold
Aim: a kobold, wielding a +0 dagger and quivering stones (asleep, 0% to evade)
The magic dart hits the kobold but does no damage.
The kobold shouts!
Casting: Magic Dart (safe; 3% risk of failure)
Confirm with . or Enter, or press ? or * to list all spells.
Aiming: Magic Dart (safe; 3% risk of failure)
Press: ? - help, Shift-Dir - straight line, f/p - kobold
Aim: a kobold, wielding a +0 dagger and quivering stones (0% to evade)
The magic dart hits the kobold.
The kobold is moderately wounded.
The kobold throws a stone.
The stone hits you.
Casting: Magic Dart (safe; 3% risk of failure)
Confirm with . or Enter, or press ? or * to list all spells.
Aiming: Magic Dart (safe; 3% risk of failure)
Press: ? - help, Shift-Dir - straight line, f/p - kobold
Aim: a kobold, wielding a +0 dagger and quivering stones (moderately wounded, 0% to evade)
The magic dart hits the kobold but does no damage.
The kobold is moderately wounded.
Casting: Magic Dart (safe; 3% risk of failure)
Confirm with . or Enter, or press ? or * to list all spells.
Aiming: Magic Dart (safe; 3% risk of failure)
Press: ? - help, Shift-Dir - straight line, f/p - kobold
Aim: a kobold, wielding a +0 dagger and quivering stones (moderately wounded, 0% to evade)
The magic dart hits the kobold.
You kill the kobold!
Things that are here:
a +0 dagger; 5 stones
f - a sapphire potion
Found a quarterstaff.
Found a stone staircase leading up.
You see here a +0 quarterstaff.
g - a +0 quarterstaff (weapon)
There is a stone staircase leading up here.
You fly upwards.
A bat, 2 quokkas and a giant cockroach come into view.
Found 32 sling bullets, 14 gold pieces and a flail.
There is a stone staircase leading down here.
The bat misses you. The bat misses you.
You hit the giant cockroach.
You kill the giant cockroach!
The bat hits you but does no damage. The bat hits you but does no damage.
You sock the bat!
You kill the bat!
You see here a bat corpse.
Casting: Magic Dart (safe; 3% risk of failure)
Confirm with . or Enter, or press ? or * to list all spells.
Aiming: Magic Dart (safe; 3% risk of failure)
Press: ? - help, Shift-Dir - straight line, f - quokka
Aim: a quokka (0% to evade)
The magic dart hits the quokka.
The quokka is moderately wounded.
Casting: Magic Dart (safe; 3% risk of failure)
Confirm with . or Enter, or press ? or * to list all spells.
Aiming: Magic Dart (safe; 3% risk of failure)
Press: ? - help, Shift-Dir - straight line, f/p - quokka
Aim: a quokka (moderately wounded, 0% to evade)
The magic dart hits the quokka.
The quokka is almost dead.
Casting: Magic Dart (safe; 3% risk of failure)
Confirm with . or Enter, or press ? or * to list all spells.
Aiming: Magic Dart (safe; 3% risk of failure)
Press: ? - help, Shift-Dir - straight line, f/p - quokka
Aim: a quokka (almost dead, 0% to evade)
The magic dart hits the quokka but does no damage.
The quokka is almost dead.
You barely miss the quokka.
The quokka is almost dead.
The quokka bites you.
Unknown command.
You barely miss the quokka.
The quokka is almost dead.
The quokka bites you.
* * * LOW HITPOINT WARNING * * *
The quokka barely misses you.
You closely miss the quokka.
The quokka is almost dead.
The quokka bites you.
* * * LOW HITPOINT WARNING * * *
Casting: Magic Dart (safe; 3% risk of failure)
Confirm with . or Enter, or press ? or * to list all spells.
You don't have enough health to cast this spell.
You closely miss the quokka.
The quokka is almost dead.
The quokka misses you. The quokka bites you.
You die...

##### ....#
....# ##....###
#........ #.#
#@####...
#r.......
#..(.......#...
#...........#
#...........#
#...........#
#.....$....##
#...........
#....r.....##


You could see a quokka.

Vanquished Creatures
  A ball python (D:2)
  A giant cockroach (D:1)
  2 bats
  A kobold (D:2)
5 creatures vanquished.

Notes
Turn   | Place    | Note
-------+----------+-------------------------------------------
     0 | D:1      | EnegeticOcto the Djinni Conjurer began the quest for the
                  | Orb.
     0 | D:1      | Reached XP level 1. HP: 15/15 MP: 0/0
   126 | D:1      | Slain by a quokka

Illustrated notes

Levels and vault maps discovered:
D:1:      scummos_arrival_gate, layout_basic
D:2:      layout_loops_ring, serial_shops, shop, doesnt_xom_only_xom

Action                   || total
-------------------------++-------
Melee: Quarterstaff      ||     6
 Cast: Magic Dart        ||    11
Armor: Robe              ||     2
Dodge: Dodged            ||     5

Table legend: (Time is in decaauts)
 A = Elapsed time spent in this place.
 B = Non-inter-level travel time spent in this place.
 C = Inter-level travel time spent in this place.
 D = Time resting spent in this place.
 E = Time spent auto-exploring this place.
 F = Levels seen in this place.
 G = Mean time per level.
                   A        B        C        D        E       F      G
               +--------+--------+--------+--------+--------+-----+--------+
         Total |    127 |    125 |      2 |      0 |      0 |   2 |   63.5 |
       Dungeon |    127 |    125 |      2 |      0 |      0 |   2 |   63.5 |
               +--------+--------+--------+--------+--------+-----+--------+

Top non-repeatable levels by time:
     D:2: 68 daAuts
     D:1: 59 daAuts
